 Dungeon Crawl Stone Soup version 0.24-a0-251-g44e327e (webtiles) character file.

Game seed: 95795409645260984

454 TheGoonsmith the Sneak (level 6, 0/28 HPs)
             Began as a Spriggan Enchanter on Apr 16, 2019.
             Was a Follower of Kikubaaqudgha.
             Killed from afar by an orc wizard (10 damage)
             ... with a puff of flame
             ... on level 4 of the Dungeon.
             The game lasted 00:08:58 (4969 turns).

TheGoonsmith the Sneak (Spriggan Enchanter)         Turns: 4969, Time: 00:08:59

Health: 0/28       AC:  2    Str:  4    XL:     6   Next: 76%
Magic:  6/13       EV: 21    Int: 17    God:    Kikubaaqudgha [*.....]
Gold:   180        SH:  0    Dex: 18    Spells: 4/13 levels left

rFire    . . .     SeeInvis +   i - -2 short sword (curse)
rCold    . . .     Gourm    .   (shield restricted)
rNeg     . . .     Faith    .   b - +0 robe
rPois    .         Spirit   .   (helmet restricted)
rElec    .         Reflect  .   (no cloak)
rCorr    .         Harm     .   (gloves unavailable)
MR       +....                  (boots unavailable)
Stlth    ++++......             (no amulet)
HPRegen  0.09/turn              (no ring)
MPRegen  0.13/turn              (no ring)

@: very slightly contaminated, very quick
A: very small, unfitting armour, see invisible, herbivore, speed 3, slow
metabolism 2
a: Receive Corpses, Renounce Religion


You were on level 4 of the Dungeon.
You worshipped Kikubaaqudgha.
Kikubaaqudgha was aware of your devotion.
You were not hungry.

You visited 1 branch of the dungeon, and saw 4 of its levels.

You collected 180 gold pieces.

Inventory:

Hand Weapons
 a - a +1 dagger
 i - a cursed -2 short sword (weapon)
 p - a +1 dagger of draining
Missiles
 m - 18 poisoned needles
Armour
 b - a +0 robe (worn)
Wands
 k - a wand of paralysis (8)
Scrolls
 f - 5 scrolls of identify
 g - a scroll of immolation
 q - 2 scrolls of teleportation
Potions
 c - a potion of degeneration
 e - a potion of cancellation {unknown}
 h - 2 potions of heal wounds {unknown}
 j - a potion of might {unknown}
 l - a potion of agility {unknown}
 n - a potion of resistance {unknown}
 o - a potion of haste {unknown}
 r - a potion of lignification {unknown}
Comestibles
 d - 5 rations


   Skills:
 - Level 4.0 Short Blades
 - Level 5.0 Dodging
 + Level 6.4 Stealth
 - Level 4.0 Spellcasting
 + Level 5.1 Hexes
 + Level 2.1 Evocations


You had 4 spell levels left.
You knew the following spells:

 Your Spells              Type           Power        Failure   Level  Hunger
a - Corona                Hex            ###....      1%          1    None
b - Ensorcelled Hibernat  Hex/Ice        ##....       9%          2    ##.....
c - Confuse               Hex            ###.....     5%          3    ###....
d - Tukima's Dance        Hex            ###.....     5%          3    ###....

Your spell library contained the following spells:

 Spells                   Type           Power        Failure   Level  Hunger
 Pain                     Necr           #...         16%         1    None
 Dazzling Spray           Conj/Hex       ##....       16%         3    ###....
 Corpse Rot               Necr           N/A          24%         2    ##.....
 Sublimation of Blood     Necr           #.........   24%         2    ##.....
 Vampiric Draining        Necr           #.........   43%         3    ###....


Dungeon Overview and Level Annotations

Branches:
Dungeon (4/15)
 Temple: D:4-7

Altars:
Dithmenos
Kikubaaqudgha
Trog

Annotations:
D:3 1 exclusion


Innate Abilities, Weirdness & Mutations

You are very small and have problems with some larger weapons.
You are too small for most types of armour.
You have supernaturally acute eyesight. (SInv)
You are a herbivore.
You cover ground extremely quickly.
You need to consume almost no food.


Message History

Aiming: Ensorcelled Hibernation (safe; 9% risk of failure)
Press: ? - help, Shift-Dir - straight line, f/p - orc
Aim: an orc, wielding a +0 flail and wearing a +0 leather armour (chance to defeat MR: 61%)
The orc looks drowsy...
The helpless orc fails to defend itself.
You impale the orc!!
You kill the orc!
Kikubaaqudgha accepts your kill.
The orc wizard gestures wildly while chanting.
The orc wizard flickers and vanishes for a moment.
Casting: Ensorcelled Hibernation (safe; 9% risk of failure)
Confirm with . or Enter, or press ? or * to list all spells.
Aiming: Ensorcelled Hibernation (safe; 9% risk of failure)
Press: ? - help, Shift-Dir - straight line, f - orc wizard
Aim: an orc wizard, wielding a +0 dagger and wearing a +0 robe (slightly transparent, chance to defeat MR: 43%)
The orc wizard resists with some effort.
The orc wizard gestures at you while chanting.
The puff of flame hits you!
You die...
Kikubaaqudgha rasps: "You have failed me!
Welcome... death!"

....................
...................#
...................#
.
...................#
##.. ......
..........###...#
#.....#.[#...#
#....#....#
#..)o...##
#.#.@.>.##
#.##..#..# .#
##....#..####.#
#.............##
####...)<......#
#...#.....##..
#..###.#### #.## #.#
#.## #.#


You could see an orc wizard (invisible).

Vanquished Creatures
  A centaur (D:3)
  A vampire bat (D:3)
  A hound (D:4)
  3 orc wizards
  2 worker ants (D:4)
  A hound skeleton (D:4)
  3 adders
  An ooze (D:1)
  An adder skeleton (D:4)
  4 dart slugs
  10 orcs
  4 giant cockroaches
  6 goblins
  2 hobgoblins
  8 jackals
  A quokka (D:3)
  11 bats
  5 frilled lizards
  5 kobolds
  6 rats
76 creatures vanquished.

Vanquished Creatures (collateral kills)
  An ogre (D:4)
1 creature vanquished.

Vanquished Creatures (others)
  3 dancing weapons (D:3)
3 creatures vanquished.

Grand Total: 80 creatures vanquished

Notes
Turn   | Place    | Note
-------+----------+-------------------------------------------
     0 | D:1      | TheGoonsmith the Spriggan Enchanter began the quest for the
                  | Orb.
     0 | D:1      | Reached XP level 1. HP: 9/9 MP: 5/5
   306 | D:1      | Reached XP level 2. HP: 13/13 MP: 6/6
  1308 | D:1      | Learned a level 2 spell: Ensorcelled Hibernation
  1372 | D:2      | Reached XP level 3. HP: 16/16 MP: 6/8
  1429 | D:2      | You fall through a shaft for 2 floors!
  1436 | D:4      | Reached skill level 5 in Stealth
  1436 | D:4      | Reached XP level 4. HP: 21/21 MP: 4/9
  1796 | D:2      | Found an ancient bone altar of Kikubaaqudgha.
  1913 | D:2      | Became a worshipper of Kikubaaqudgha
  2562 | D:3      | Learned a level 3 spell: Confuse
  2566 | D:3      | Learned a level 3 spell: Tukima's Dance
  2713 | D:3      | Noticed a centaur
  2717 | D:3      | Killed a centaur
  2717 | D:3      | Reached XP level 5. HP: 24/24 MP: 9/11
  3489 | D:3      | Reached * piety under Kikubaaqudgha
  3489 | D:3      | Identified Kikubaaqudgha's Collected Works on Black Rituals
                  | (Kikubaaqudgha gifted it to you on level 3 of the Dungeon)
  3489 | D:3      | Received a gift from Kikubaaqudgha
  3669 | D:3      | Reached XP level 6. HP: 28/28 MP: 12/12
  3700 | D:3      | Reached skill level 1 in Evocations
  3953 | D:3      | Found a shadowy altar of Dithmenos.
  4084 | D:3      | Noticed a moth of wrath
  4087 | D:3      | Found a bloodstained altar of Trog.
  4622 | D:4      | Reached skill level 6 in Stealth
  4792 | D:4      | Reached skill level 5 in Hexes
  4807 | D:4      | Reached skill level 5 in Dodging
  4969 | D:4      | Killed from afar by an orc wizard

Levels and vault maps discovered:
D:1:      saegor_arrival_simple_c, layout_basic
D:2:      layout_loops_ring, kiku_gazebo_garden_becter
D:3:      lemuel_upstairs_altar, layout_basic, tgw_trog, roderic_batcave,
          hex_medium, chequers_serial_rivers_micro_b,
          grunt_dithmenos_smoke_and_mirrors
D:4:      layout_layer_cave, marbit_many_paths, nicolae_gozag_zags_fifth_avenue

Skill      XL: |  1  2  3  4  5  6 |
---------------+-------------------+-----
Short Blades   | 2 3 4 |  4.0
Spellcasting   | 3 4 |  4.0
Hexes          | 4 5 |  5.1
Stealth        | 5 6 |  6.4
Dodging        | 4 5 |  5.0
Evocations     | 2 |  2.1

Action                   |  1- 3 |  4- 6 || total
-------------------------+-------+-------++-------
Melee: Dagger            |   112 |    15 ||   127
       Short sword       |       |   198 ||   198
 Cast: Corona            |    25 |       ||    25
       Ensorcelled Hiber |     3 |    35 ||    38
       Tukima's Dance    |       |     4 ||     4
       Confuse           |       |    13 ||    13
  Use: Scroll            |     2 |     2 ||     4
 Stab: Sleeping          |     5 |    29 ||    34
       Confused          |       |     4 ||     4
  Eat: Ration            |       |     3 ||     3
Armor: Robe              |    15 |    31 ||    46
Dodge: Dodged            |    92 |   254 ||   346

Table legend:
 A = Non-vault XP
 B = Vault XP
 C = Vault XP percentage of total XP
 D = Non-vault monster count
 E = Vault monster count
 F = Vault count percentage of total count
                 A         B        C        D         E       F
            +---------+---------+-------+---------+---------+-------
      Total |     579 |      70 |  10.8 |      68 |       9 |  11.7
            +---------+---------+-------+---------+---------+-------
        D:1 |      37 |       0 |   0.0 |      20 |       0 |   0.0
        D:2 |      59 |       0 |   0.0 |      18 |       0 |   0.0
        D:3 |     244 |      70 |  22.3 |      22 |       9 |  29.0
        D:4 |     239 |       0 |   0.0 |       8 |       0 |   0.0
            +---------+---------+-------+---------+---------+-------
